AoeStats
← Strictness

Arena

511065873Analyzed
4v4 RM · 8h ago on Oct 3, 2026· 46m 15s· 8 players
Game mode
Random Map
Map size
Large (8 player)
Population
200
Speed
Normal
Resources
Standard
Victory
Conquest
Starting age
Dark Age
Ending age
Imperial Age
RankedLock teamsTeams togetherTeam positionsShared explorationLock speedFull tech treeHidden civsTurbo modeCheats
Victory
Defeat
🇵🇪 Vikings · Peru
1045
+15
🇪🇸 Chinese · Spain
1031
+16
🇨🇳 Britons · China
1024
+16
🇫🇷 Goths · France
1018
+16
🇲🇽 Romans · Mexico
1052
-16
🇺🇸 Khmer · United States
1031
-16
🇬🇹 Italians · Guatemala
1025
-16
🇲🇽 Saracens · Mexico
1006
-15
Strictness
2:25 Loom
10:14 Feudal Age
10:40 Double-Bit Axe
10:36 Horse Collar
16:53 Castle Age
14:41 Man-at-Arms
16:07 Gold Mining
16:23 Scale Mail Armor
17:29 Forging
18:04 Squires
18:27 Long Swordsman
21:13 Heavy Plow
22:45 Stone Mining
22:51 Elite Skirmisher
24:14 Iron Casting
24:30 Fletching
24:41 Padded Archer Armor
25:25 Wheelbarrow
26:09 Bodkin Arrow
26:30 Leather Archer Armor
27:43 Bow Saw
28:28 Hand Cart
29:52 Chain Mail Armor
31:38 Stone Shaft Mining
35:13 Imperial Age
32:29 Town Watch
32:25 Pikeman
34:35 Anarchy
34:48 Murder Holes
35:30 Ballistics
37:04 Blast Furnace
37:04 Conscription
39:02 Two-Man Saw
38:34 Crop Rotation
38:26 Perfusion
40:08 Bracer
40:38 Ring Archer Armor
40:54 Elite Huskarl
45:31 Masonry
ronald.lama6
10:26 Feudal Age
15:10 Castle Age
13:36 Double-Bit Axe
14:00 Horse Collar
16:39 Wheelbarrow
16:40 Bow Saw
23:20 Hand Cart
23:16 Town Watch
23:18 Loom
26:06 Gold Mining
27:15 Heavy Plow
28:16 Stone Mining
31:07 Imperial Age
29:36 Fletching
29:55 Scale Mail Armor
31:04 Forging
31:09 Chain Mail Armor
32:14 Elite Fire Lancer
32:56 Squires
33:48 Conscription
34:33 Plate Mail Armor
34:39 Iron Casting
35:02 Heavy Scorpion
35:02 Heavy Rocket Cart
37:27 Chemistry
36:39 Fortified Wall
39:45 Two-Man Saw
39:58 Arson
41:15 Blast Furnace
41:39 Gold Shaft Mining
42:11 Man-at-Arms
42:49 Fletching
43:00 Padded Archer Armor
44:24 Long Swordsman
45:02 Bodkin Arrow
45:23 Leather Archer Armor
RSpartan18
11:02 Feudal Age
13:16 Double-Bit Axe
15:34 Castle Age
15:14 Horse Collar
20:45 Gold Mining
23:03 Scale Mail Armor
22:36 Man-at-Arms
23:16 Squires
23:35 Arson
23:11 Long Swordsman
24:35 Bow Saw
23:52 Pikeman
25:42 Loom
26:42 Forging
33:40 Chain Mail Armor
44:14 Imperial Age
44:51 Scale Barding Armor
45:22 Iron Casting
44:20 Capped Ram
44:25 Two-Handed Swordsman
45:21 Champion
45:28 Siege Ram
梦の白鹿
9:56 Feudal Age
13:57 Castle Age
12:34 Double-Bit Axe
13:16 Horse Collar
13:31 Loom
21:37 Stone Mining
21:38 Gold Mining
25:08 Wheelbarrow
25:11 Bow Saw
30:21 Imperial Age
27:31 Man-at-Arms
27:51 Pikeman
29:33 Scale Mail Armor
29:38 Scale Barding Armor
30:32 Hand Cart
31:08 Yeomen
30:40 Elite Longbowman
32:20 Conscription
32:22 Squires
32:08 Gambesons
34:24 Fletching
34:34 Padded Archer Armor
34:50 Chain Mail Armor
34:13 Halberdier
35:44 Bodkin Arrow
36:10 Chain Barding Armor
36:03 Forging
36:08 Leather Archer Armor
37:31 Plate Mail Armor
37:18 Town Watch
37:41 Caravan
39:22 Warwolf
39:31 Warwolf
42:39 Chemistry
41:59 Ballistics
41:46 Siege Engineers
41:37 Murder Holes
Lord Daiki
10:42 Feudal Age
15:07 Castle Age
13:14 Double-Bit Axe
14:11 Loom
14:12 Horse Collar
16:19 Wheelbarrow
15:50 Town Watch
20:23 Fletching
25:33 Hand Cart
31:31 Light Cavalry
33:28 Thumb Ring
34:54 Gold Mining
34:54 Stone Mining
35:43 Husbandry
35:53 Bloodlines
39:09 Imperial Age
37:19 Town Patrol
37:00 Elite Skirmisher
38:48 Ballistics
38:24 Murder Holes
40:23 Padded Archer Armor
40:18 Bodkin Arrow
41:43 Chemistry
41:10 Fortified Wall
41:12 Masonry
41:27 Conscription
41:17 Bimaristan
Chris_Alva
5:36 Loom
11:21 Feudal Age
16:00 Castle Age
13:58 Horse Collar
15:19 Double-Bit Axe
17:03 Gold Mining
21:05 Wheelbarrow
23:09 Silk Road
23:05 Caravan
23:53 Heavy Plow
24:58 Bow Saw
24:57 Stone Mining
26:00 Fletching
26:11 Padded Archer Armor
27:10 Ballistics
26:40 Town Watch
29:50 Hand Cart
31:34 Bodkin Arrow
34:17 Leather Archer Armor
36:41 Imperial Age
34:53 Stone Shaft Mining
38:23 Chemistry
37:28 Bracer
37:59 Ring Archer Armor
38:31 Scale Mail Armor
38:43 Forging
38:41 Squires
gochodg
8:56 Feudal Age
14:24 Castle Age
15:40 Loom
20:48 Double-Bit Axe
27:01 Scale Barding Armor
31:26 Imperial Age
30:36 Gold Mining
30:39 Stone Mining
30:32 Horse Collar
31:43 Tusk Swords
33:00 Wheelbarrow
32:58 Chain Barding Armor
36:41 Hand Cart
36:45 Bow Saw
38:35 Plate Barding Armor
37:34 Elite Ballista Elephant
EsquedaKING
12:27 Feudal Age
17:04 Castle Age
16:06 Scale Barding Armor
16:11 Forging
19:33 Iron Casting
19:18 Chain Barding Armor
28:13 Wheelbarrow
33:16 Imperial Age
32:24 Double-Bit Axe
33:17 Ballistas
33:43 Elite Centurion
36:54 Heavy Scorpion
39:18 Chemistry
40:37 Comitatenses
Connection lost

Rejoining the realm…

Still unreachable

The connection could not be restored.

Session expired

The server has moved on; the page needs a fresh start.